Unix NetHack Version 3.7.0-101 Work-in-progress - last build Mar 25 2024 22:18:23 (462964f8eaac915e699fc3a71b43428251fec12b,branch:master). Game began 2024-03-25 18:45:40, ended 2024-03-31 22:44:00. unit327, lawful female dwarven Valkyrie ### %---|- #|.f.| (K -.- ###|...| ##%# ----- 1 ## # Unit327 the Skirmisher St:13 Dx:11 Co:20 In:9 Wi:10 Ch:10 Lawful Dlvl:6 $:280 HP:0(57) Pw:6(6) AC:3 Xp:5/318 T:5109 Latest messages: Toxoplasmosis misses haexwise's ghost. You miss haexwise's ghost. Toxoplasmosis misses haexwise's ghost. You miss haexwise's ghost. Toxoplasmosis bites haexwise's ghost. Haexwise's ghost touches toxoplasmosis. Toxoplasmosis misses haexwise's ghost. You miss haexwise's ghost. Toxoplasmosis bites haexwise's ghost. Haexwise's ghost misses toxoplasmosis. You miss haexwise's ghost. Toxoplasmosis picks up a rubber hose. Toxoplasmosis misses haexwise's ghost. You miss haexwise's ghost. Toxoplasmosis misses haexwise's ghost. Haexwise's ghost touches you! Toxoplasmosis misses haexwise's ghost. You miss haexwise's ghost. Toxoplasmosis misses haexwise's ghost. Haexwise's ghost touches you! You miss haexwise's ghost. Toxoplasmosis misses haexwise's ghost. You miss haexwise's ghost. Toxoplasmosis misses haexwise's ghost. You miss haexwise's ghost. Toxoplasmosis misses haexwise's ghost. You miss haexwise's ghost. Toxoplasmosis misses haexwise's ghost. Toxoplasmosis misses haexwise's ghost. You miss haexwise's ghost. Toxoplasmosis misses haexwise's ghost. You miss haexwise's ghost. Toxoplasmosis misses haexwise's ghost. You miss haexwise's ghost. Toxoplasmosis misses haexwise's ghost. You miss haexwise's ghost. Toxoplasmosis misses haexwise's ghost. Toxoplasmosis drops a rubber hose. Toxoplasmosis misses haexwise's ghost. You miss haexwise's ghost. Toxoplasmosis misses haexwise's ghost. You miss haexwise's ghost. The Keystone Kop picks up a rubber hose. Toxoplasmosis bites haexwise's ghost. Haexwise's ghost touches toxoplasmosis. Toxoplasmosis misses haexwise's ghost. You miss haexwise's ghost. The Keystone Kop zaps a crystal wand! The death ray hits haexwise's ghost. The death ray hits you! Inventory: Coins ('$') $ - 280 gold pieces Amulets ('"') m - an uncursed amulet versus poison (being worn) Weapons (')') L - 5 cursed -1 darts h - a blessed +0 dagger named uc a - an uncursed +1 dwarvish spear K - an uncursed +0 elven dagger l - an uncursed +0 orcish dagger H - the blessed rustproof +0 Excalibur (weapon in left hand) Armor ('[') y - an uncursed +0 helm of caution (being worn) S - an uncursed +0 pair of iron shoes (being worn) c - an uncursed +3 small shield (being worn) T - an uncursed +0 dwarvish cloak (being worn) Comestibles ('%') p - 3 uncursed cream pies d - an uncursed food ration j - 2 uncursed pears g - 2 uncursed tripe rations C - an uncursed lizard corpse Potions ('!') q - a blessed potion of speed Rings ('=') e - a cursed -5 ring of protection named prob cursed o - an uncursed ring of warning named uc ni (on right hand) Wands ('/') w - an uncursed wand of slow monster (0:4) Tools ('(') F - an uncursed sack containing 14 items E - an uncursed blindfold Y - an uncursed mirror U - an uncursed +0 pick-axe Gems/Stones ('*') k - an uncursed flint stone Contents of the sack: 2 gold pieces a blessed scroll of charging an uncursed scroll of create monster an uncursed scroll of enchant armor 2 uncursed scrolls of enchant weapon a blessed scroll of gold detection an uncursed scroll of identify an uncursed scroll of remove curse an uncursed scroll of taming a blessed potion of gain energy a blessed potion of healing 3 uncursed potions of healing a blessed potion of object detection an uncursed wand of slow monster (0:4) Unit327 the Valkyrie's attributes: Background: You were a Skirmisher, a level 5 dwarven Valkyrie. You were lawful, on a mission for Tyr who was opposed by Odin (neutral) and Loki (chaotic). You were left-handed. You were in the Dungeons of Doom, on level 6. You entered the dungeon 5109 turns ago. It was nighttime. You had 318 experience points, 2 more were needed to attain level 6. Basics: You had 0 out of 57 hit points. You had all 6 energy points (spell power). Your armor class was 3. Your wallet contained 280 zorkmids, and you had 2 more stashed away in your pack. Autopickup was on for '$?!/="+' plus thrown, with exceptions. Final Characteristics: Your strength was 13 (limit:18/100). Your dexterity was 11 (limit:20). Your constitution was 20 (limit:20). Your intelligence was 9 (limit:16). Your wisdom was 10 (limit:16). Your charisma was 10 (limit:16). Final Status: You weren't hungry. You were unencumbered. You were wielding a long sword. You were unskilled in long sword. Final Attributes: You were piously aligned. Your items were somewhat protected from fire. You were cold resistant. Your items were somewhat protected from cold. You were poison resistant. You were level-drain resistant. You were warned. You had automatic searching. You had infravision. You were stealthy. You were warded. You are dead. Miscellaneous: You encountered 1 bones level. Total elapsed playing time was 1 hour, 34 minutes and 48 seconds. Major events: Turn 1: unit327 the lawful dwarven Valkyrie entered the dungeon 340: entered the Gnomish Mines 920: attained the rank of Skirmisher (level 3) 2798: reached Mine Town 4171: has been given Excalibur, and now enjoys supreme executive power 5109: killed by a death ray Vanquished creatures: a giant spider a lizard a Kop Kaptain a rock piercer a rock mole 2 shriekers 2 gnome leaders a gnomish wizard 2 dwarves 2 homunculi a kobold leader 2 hill orcs 2 rothes 2 giant bats 3 Kop Sergeants a monkey an orc zombie a wererat 2 iguanas a killer bee 2 acid blobs a coyote a gas spore 4 hobbits 2 manes a large kobold a hobgoblin 4 giant rats 2 cave spiders a red mold 13 gnomes 6 Keystone Kops 3 geckos 7 jackals a fox 3 goblins 3 sewer rats 4 grid bugs a bat 5 lichens 11 newts 106 creatures vanquished. No species were genocided or became extinct. Voluntary challenges: You were illiterate. You never engraved Elbereth. You never genocided any monsters. You never polymorphed an object. You never changed form. You used no wishes. Achievements: You entered the Gnomish Mines. You attained the rank of Skirmisher. You entered Minetown. You entered a temple. You entered a shop. The Dungeons of Doom: levels 1 to 6 Level 1: Level 2: Stairs down to The Gnomish Mines. Level 3: Level 4: "vault" A fountain. Level 5: A fountain, a sink. Level 6: "bones" <- You were here. Final resting place for you, killed by a death ray, haexwise-Val-Hum-Fem-Law, killed by a Kop Sergeant, haexwise-Wiz-Hum-Mal-Neu, killed by a wand. The Gnomish Mines: levels 3 to 9 Level 3: Level 4: Level 5: Level 6: A temple and an altar, some fountains. Level 7: Level 8: Level 9: Game over: ---------- / \ / REST \ / IN \ / PEACE \ / \ | unit327 | | 282 Au | | killed by a | | death ray | | | | | | 2024 | *| * * * | * _________)/\\_//(\/(/\)/\//\/|_)_______ Farvel unit327 the Valkyrie... You died in The Dungeons of Doom on dungeon level 6 with 2182 points, and 282 pieces of gold, after 5109 moves. You were level 5 with a maximum of 57 hit points when you died.